 Dungeon Crawl Stone Soup version 0.29-a0-243-g602b31c20e (webtiles) character file.

Game seed: 10072070048168370128

1 sanka the Caller (level 1, 0/13 HPs)
             Began as a Gnoll Summoner on Mar 4, 2022.
             Slain by a goblin
             ... wielding a +0 club
              (2 damage)
             ... on level 1 of the Dungeon.
             The game lasted 00:00:27 (129 turns).

sanka the Caller (Gnoll Summoner)                    Turns: 129, Time: 00:00:27

Health: 0/13       AC:  2    Str:  7    XL:     1   Next: 20%
Magic:  4/6        EV: 13    Int: 14    God:
Gold:   9          SH:  0    Dex: 12    Spells: 8/9 levels left

rFire   . . .      SeeInvis .   (no weapon)
rCold   . . .      Faith    .   (no shield)
rNeg    . . .      Spirit   .   a - +0 robe
rPois   .          Reflect  .   (no helmet)
rElec   .          Harm     .   (no cloak)
rCorr   .          Rampage  .   (no gloves)
Will    .....                   (no boots)
Stlth   ++........              (no amulet)
HPRegen 0.04/turn               (no ring)
MPRegen 0.10/turn               (no ring)

@: no status effects
A: fangs 1, strong nose, distributed training
a: no special abilities


You were on level 1 of the Dungeon.
You visited 1 branch of the dungeon, and saw 1 of its levels.

You collected 9 gold pieces.


Innate Abilities, Weirdness & Mutations

You have very sharp teeth.
Your uncanny sense of smell can sniff out nearby items.
Your experience applies equally to all skills.


   Skills:
 + Level 0.0 Fighting
 + Level 0.0 Short Blades
 + Level 0.0 Long Blades
 + Level 0.0 Axes
 + Level 0.0 Maces & Flails
 + Level 0.0 Polearms
 + Level 0.0 Staves
 + Level 0.0 Slings
 + Level 0.0 Bows
 + Level 0.0 Crossbows
 + Level 0.0 Throwing
 + Level 0.0 Armour
 + Level 4.4 Dodging
 + Level 4.0 Stealth
 + Level 0.0 Shields
 + Level 0.0 Unarmed Combat
 + Level 4.8 Spellcasting
 + Level 0.0 Conjurations
 + Level 0.0 Hexes
 + Level 7.0 Summonings
 + Level 0.0 Necromancy
 + Level 0.0 Translocations
 + Level 0.0 Transmutations
 + Level 0.0 Fire Magic
 + Level 0.0 Ice Magic
 + Level 0.0 Air Magic
 + Level 0.0 Earth Magic
 + Level 0.0 Poison Magic
 + Level 0.0 Invocations
 + Level 0.0 Evocations


You had 8 spell levels left.
You knew the following spells:

 Your Spells              Type           Power      Damage    Failure   Level
z - Summon Small Mammal   Summ           92%        N/A       1%          1

Your spell library contained the following spells:

 Spells                   Type           Power      Damage    Failure   Level
 Call Imp                 Summ           23%        N/A       1%          2
 Call Canine Familiar     Summ           23%        N/A       3%          3
 Summon Guardian Golem    Hex/Summ       13%        N/A       13%         3
 Animate Skeleton         Necr           6%         N/A       19%         1
 Pain                     Necr           12%        1d4       19%         1
 Summon Lightning Spire   Summ/Air       13%        N/A       38%         4
 Vampiric Draining        Necr           3%         2d6       47%         3

Inventory:

Missiles
 c - 2 atropa-tipped darts
Armour
 a - a +0 robe (worn)
Potions
 b - a potion of lignification {unknown}

Dungeon Overview and Level Annotations

Branches:
Dungeon (1/15)

Altars:

▒▒..▒▒..▒▒▒▒▒
....▒▒...... ...▒
....▒▒...▒▒▒▒▒▒..▒
...▒▒▒...........▒
..........▒▒▒▒...▒
▒▒.▒▒▒▒>.........▒
...........▒▒....▒▒
.▒............[.gr▒
.▒.▒▒▒▒...▒▒▒▒.rgr▒
.▒.▒▒ ▒...........▒
....▒▒▒.(▒▒▒▒▒▒...▒
..................▒
..†.▒.▒.▒▒▒▒▒▒▒▒..▒
▒▒.▒▒.▒...........▒
▒.......▒▒.▒▒▒▒..▒
▒..▒.▒▒▒▒▒......▒▒
▒..▒.▒ ▒.▒▒▒▒▒▒


You could see a goblin (ally target), a rat and 2 friendly quokkas.


Message History

You pick up a book of Necromancy and begin reading...
You add the spells Pain, Animate Skeleton and Vampiric Draining to your library.
Okay, then.
A goblin comes into view. It is wielding a +0 club.
A rat comes into view.
The goblin shouts!
The goblin barely misses you. The goblin hits you with a +0 club.
You hit the goblin but do no damage. The goblin barely misses you.
The rat bites you.
You closely miss the goblin. Your bite misses the goblin.
The goblin hits you with a +0 club.
* * * LOW HITPOINT WARNING * * *
Your quokka closely misses the goblin.
Your quokka completely misses the goblin.
The rat bites you.
* * * LOW HITPOINT WARNING * * *
You closely miss the goblin. The goblin hits you with a +0 club.
* * * LOW HITPOINT WARNING * * *
Your quokka barely misses the goblin.
Your quokka misses the goblin. The rat bites you but does no damage.
Unknown command.
You hit the goblin but do no damage.
Your quokka closely misses the goblin.
The goblin hits you with a +0 club.
You die...

Action                   || total
-------------------------++-------
Melee: Unarmed           ||     6
 Cast: Summon Small Mamm ||     4
Armor: Robe              ||     1
Dodge: Dodged            ||     3

Levels and vault maps discovered:
D:1:      minmay_arrival_plants_in_alcoves, layout_loops_ring,
          minmay_misc_feat_more_columns

Notes
Turn   | Place    | Note
-------+----------+-------------------------------------------
     0 | D:1      | sanka the Gnoll Summoner began the quest for the Orb.
     0 | D:1      | Reached XP level 1. HP: 13/13 MP: 6/6
   129 | D:1      | Slain by a goblin

Vanquished Creatures (collateral kills)
  A ball python (D:1)
  A frilled lizard (D:1)
2 creatures vanquished.
